[Event "Titled Tuesday Blitz July 25 Late 2023"]
[White "Toniutti, Ezio"]
[Black "littlepinkyboy"]
[WhiteFideId "113034"]
[WhiteElo "2498"]
[BlackElo "2362"]
[Result "0-1"]
[Round "8"]
[TimeControl "180+2"]
[Date "2023.07.25"]
[WhiteClock "0:00:00"]
[BlackClock "0:00:10"]
[Board "94"]

1. d4 d5 2. c4 e6 3. Nf3 Nf6 4. g3 dxc4 5. Bg2 c6 6. O-O Nbd7 7. Nbd2 b5 8. Qc2 Bb7 9. b3 cxb3 10. Nxb3 Qb6 11. Bd2 a5 12. a4 b4 13. Rac1 Be7 14. e4 O-O 15. Be3 Ng4 16. Bf4 Rac8 17. h3 Ngf6 18. Be3 c5 19. dxc5 Qa6 20. Nfd2 Ne5 21. Rfd1 Rfd8 22. Bf1 Qa8 23. f3 Nxf3+ 24. Nxf3 Bxe4 25. Qf2 Bxf3 26. Rxd8+ Rxd8 27. Bb5 Bd5 28. Nd4 Ne4 29. Qe1 Bxc5 30. Kh2 Nc3 31. Bg1 Bh1 32. Qf2 Bxd4 0-1


[Site "https://www.chess.com"]

[Event "Titled Tuesday Blitz July 25 Late 2023"]
[White "Campos, Maria Jose"]
[Black "only_strong_moves"]
[WhiteFideId "146803"]
[WhiteElo "2359"]
[BlackElo "2490"]
[Result "0-1"]
[Round "8"]
[TimeControl "180+2"]
[Date "2023.07.25"]
[WhiteClock "0:00:00"]
[BlackClock "0:00:06"]
[Board "95"]

1. c4 e5 2. g3 c6 3. Bg2 Nf6 4. Nf3 e4 5. Nd4 g6 6. d3 exd3 7. Qxd3 Bg7 8. O-O O-O 9. c5 Na6 10. Qa3 Qe7 11. Nb3 Ne4 12. Be3 b6 13. cxb6 Qxa3 14. Nxa3 Bxb2 15. Bxe4 Bxa3 16. bxa7 d5 17. Bf3 Be6 18. Nd4 c5 19. Nb5 Bb4 20. a3 Ba5 21. Rfc1 Rfc8 22. Rab1 Bb6 23. Nd6 Rc6 24. Rxb6 Rxb6 25. Nc4 Rb7 26. Ne5 Rbxa7 27. Nd3 Rc7 28. Nf4 Rd8 29. h4 d4 30. Bd2 Rcc8 31. Ba5 Rd7 32. h5 c4 33. h6 c3 34. Nxe6 fxe6 35. Be4 Nc5 36. Bc2 Ra7 37. Bb4 Na6 38. Bd6 Rd7 39. Be5 Rd5 40. f4 Nc5 41. Bb1 Kf7 42. Ba2 Rd7 43. Kg2 Ne4 44. Kf3 Nd2+ 45. Kf2 Nc4 46. Bg7 Nd6 47. g4 Nb5 48. a4 Nc7 49. f5 gxf5 50. gxf5 Nd5 51. Be5 exf5 52. Rg1 Ke6 53. Bxd4 Kd6 54. e3 Ne7 55. Rc1 c2 56. Bb3 Rdc7 57. a5 Nd5 58. a6 Nb4 59. a7 Nd3+ 60. Kf3 Nxc1 61. Bxc2 Rxc2 62. Kf4 Rf2+ 63. Kg3 Ra2 64. Kf4 Nd3+ 65. Kxf5 Ra5+ 66. Kf6 Nc5 67. Kg7 Rxa7+ 68. Kf6 Rd7 69. Kg5 Ne6+ 70. Kf6 Nxd4 71. e4 Ne6 72. e5+ Kd5 73. Kf5 Rf8+ 74. Kg4 Kxe5 75. Kh5 Rd1 76. Kg4 Rg1+ 77. Kh3 Ng5+ 78. Kh2 Nf3+ 0-1


[Site "https://www.chess.com"]

[Event "Titled Tuesday Blitz July 25 Late 2023"]
[White "Michalczak, Thomas"]
[Black "Yolosz"]
[WhiteFideId "4622634"]
[WhiteElo "2476"]
[BlackElo "2348"]
[Result "1-0"]
[Round "8"]
[TimeControl "180+2"]
[Date "2023.07.25"]
[WhiteClock "0:00:42"]
[BlackClock "0:00:10"]
[Board "96"]

1. e4 c5 2. c3 d5 3. exd5 Qxd5 4. Nf3 Nc6 5. Na3 Bg4 6. Be2 Nf6 7. O-O e6 8. h3 Bh5 9. d3 Be7 10. Nc4 O-O 11. Re1 Rfd8 12. a4 Bxf3 13. Bxf3 Qxd3 14. Qxd3 Rxd3 15. Bxc6 bxc6 16. Ne5 Rd6 17. Bf4 Nd5 18. Bg3 Rc8 19. Nc4 Rdd8 20. a5 Nc7 21. Bxc7 Rxc7 22. Rad1 Rcd7 23. Rxd7 Rxd7 24. Kf1 Kf8 25. Ke2 Bd8 26. Ra1 Ke7 27. Ra3 f6 28. Rb3 e5 29. g4 Ke6 30. Rb8 Kd5 31. b3 h5 32. Ke3 hxg4 33. hxg4 g6 34. f3 f5 35. gxf5 gxf5 36. f4 exf4+ 37. Kf3 Ke6 38. Ke2 Kd5 39. Kf3 Ke6 40. Ke2 Kd5 41. Rc8 Bf6 42. Kd3 f3 43. Ke3 Bxc3 44. Kxf3 Bb4 45. Ke3 Re7+ 46. Kd3 f4 47. Rd8+ Ke6 48. Rd6+ Kf5 49. Rxc6 f3 50. Ne3+ Kf4 51. Nd5+ Kg3 52. Rg6+ Kh4 53. Nxe7 Kh5 54. Rg3 1-0


[Site "https://www.chess.com"]

[Event "Titled Tuesday Blitz July 25 Late 2023"]
[White "Zhou, Qiyu"]
[Black "Kozusek, Daniel"]
[WhiteFideId "505161"]
[BlackFideId "349500"]
[WhiteElo "2343"]
[BlackElo "2472"]
[Result "0-1"]
[Round "8"]
[TimeControl "180+2"]
[Date "2023.07.25"]
[WhiteClock "0:01:32"]
[BlackClock "0:02:30"]
[Board "97"]

1. e4 c5 2. Nf3 e6 3. d4 cxd4 4. Nxd4 Nf6 5. Nc3 Nc6 6. Ndb5 Bb4 7. Nd6+ Ke7 8. Bf4 e5 9. Nf5+ Kf8 10. Bg5 d5 11. Bxf6 Qxf6 12. Qxd5 Bxf5 13. exf5 Rd8 14. Qc4 Rd4 15. Qb3 Na5 16. Qa4 0-1


[Site "https://www.chess.com"]

[Event "Titled Tuesday Blitz July 25 Late 2023"]
[White "Dinu, Dumitru-Daniel"]
[Black "Vifleemskaia, Svetlana"]
[WhiteFideId "1208403"]
[BlackFideId "4129490"]
[WhiteElo "2459"]
[BlackElo "2330"]
[Result "1-0"]
[Round "8"]
[TimeControl "180+2"]
[Date "2023.07.25"]
[WhiteClock "0:00:06"]
[BlackClock "0:00:00"]
[Board "99"]

1. d4 Nf6 2. c4 e6 3. Nf3 Bb4+ 4. Bd2 Qe7 5. g3 Bxd2+ 6. Qxd2 d5 7. Nc3 dxc4 8. Bg2 Nbd7 9. O-O O-O 10. Rac1 a6 11. a4 Rb8 12. e4 e5 13. dxe5 Nxe5 14. Qd4 Nxf3+ 15. Bxf3 Be6 16. e5 Nd7 17. Rfe1 c5 18. Qf4 b5 19. axb5 axb5 20. Nd5 Bxd5 21. Bxd5 Nb6 22. Bf3 Rbd8 23. Ra1 Rd4 24. Re4 Rfd8 25. Ra6 Nd5 26. Qg4 Nb4 27. Rb6 Nd3 28. e6 Ne5 29. Qf5 Nxf3+ 30. Qxf3 Rxe4 31. Qxe4 Re8 32. Rxb5 Qxe6 33. Qxe6 fxe6 34. Rxc5 Rb8 35. Rxc4 Rxb2 36. Re4 Kf7 37. Kg2 Kf6 38. h4 h5 39. Rf4+ Kg6 40. Rf8 Rb3 41. Kh3 Rb4 42. f3 Rb3 43. Kg2 Rb2+ 44. Kf1 e5 45. Re8 Kf6 46. Rc8 Kf5 47. Rf8+ Kg6 48. Re8 Kf6 49. Rh8 Kg6 50. Rf8 Rc2 51. Re8 Kf6 52. Rf8+ Kg6 53. Kg1 Rb2 54. Re8 Kf6 55. Rf8+ Kg6 56. Re8 Kf6 57. Rd8 Kg6 58. Rd1 Kf5 59. Rf1 g5 60. hxg5 Kxg5 61. Rf2 Rb1+ 62. Kg2 Rb3 63. Re2 Kf5 64. Rd2 Ra3 65. Rd8 Ra2+ 66. Kh3 Ra3 67. Rf8+ Kg5 68. Rg8+ Kf5 69. Rf8+ Kg5 70. Rf7 Kg6 71. Re7 Rxf3 72. Rxe5 Rf5 73. Re6+ Rf6 74. Re5 Rf5 75. Re8 Rf1 76. Rg8+ Kh6 77. Rh8+ Kg6 78. Rg8+ Kh6 79. Rh8+ Kg6 80. Kg2 Rb1 81. Rg8+ Kh7 82. Re8 Kg6 83. Re6+ Kf5 84. Rh6 Kg5 85. Rh8 Rb2+ 86. Kh3 Rb1 87. Rc8 Rb5 88. Rc6 Rd5 89. Re6 Ra5 90. Re4 Rb5 91. Re8 Rc5 92. Rg8+ Kh6 93. Rf8 Kg5 94. Rf4 Kh6 95. Re4 Kg5 96. Rd4 Kh6 97. Kh4 Rb5 98. Rd6+ 1-0


[Site "https://www.chess.com"]

[Event "Titled Tuesday Blitz July 25 Late 2023"]
[White "Tsyhanchuk, Stanislav"]
[Black "Castella Garcia, Fausto"]
[WhiteFideId "13505130"]
[BlackFideId "3501922"]
[WhiteElo "2328"]
[BlackElo "2452"]
[Result "1-0"]
[Round "8"]
[TimeControl "180+2"]
[Date "2023.07.25"]
[WhiteClock "0:00:13"]
[BlackClock "0:00:00"]
[Board "100"]

1. c4 c5 2. Nc3 g6 3. g3 Bg7 4. Bg2 Nf6 5. e3 O-O 6. Nge2 Nc6 7. d4 d6 8. O-O Bf5 9. a3 Rc8 10. e4 Bg4 11. d5 Nd4 12. f3 Nxe2+ 13. Nxe2 Bd7 14. Rb1 b5 15. b3 Rb8 16. Be3 Qa5 17. b4 Qxa3 18. Rb3 Qa6 19. bxc5 dxc5 20. Bxc5 bxc4 21. Rxb8 Rxb8 22. Bxe7 Qb6+ 23. Kh1 Qb3 24. e5 Qxd1 25. Rxd1 Ne8 26. f4 Bg4 27. Bf1 Rb2 28. Re1 Bf3+ 29. Kg1 Bxd5 30. Rc1 Nc7 31. Nd4 g5 32. Bxc4 gxf4 33. Bxd5 Nxd5 34. Rc8+ Bf8 35. Bxf8 Rb1+ 36. Kf2 h5 37. gxf4 Kh7 38. Kf3 Rf1+ 39. Ke4 Nxf4 40. Rc7 Ng6 41. Bd6 a5 42. Ra7 Re1+ 43. Kd5 Nf4+ 44. Kc6 Kg6 45. Rxa5 Re4 46. Nf3 Kf5 47. e6+ Kg4 48. exf7 Ne6 49. Ng5 1-0


[Site "https://www.chess.com"]

[Event "Titled Tuesday Blitz July 25 Late 2023"]
[White "Moore, Nicholas"]
[Black "Georg, Heinz"]
[WhiteFideId "4303709"]
[BlackFideId "4607295"]
[WhiteElo "2443"]
[BlackElo "2293"]
[Result "1-0"]
[Round "8"]
[TimeControl "180+2"]
[Date "2023.07.25"]
[WhiteClock "0:00:42"]
[BlackClock "0:01:24"]
[Board "101"]

1. c4 f5 2. d4 e6 3. Nf3 Nf6 4. g3 Be7 5. Bg2 O-O 6. O-O d6 7. b3 a5 8. Nc3 Qe8 9. Bb2 Bd8 10. Re1 e5 11. dxe5 dxe5 12. e4 Nc6 13. exf5 Bxf5 14. Nd5 e4 15. Nh4 Bg4 16. Nxf6+ Bxf6 17. Qxg4 Bxb2 18. Rab1 Bd4 19. Nf5 Bf6 20. Bxe4 Qg6 21. Ne7+ Nxe7 22. Bxg6 Nxg6 23. Rbd1 Ne5 24. Rxe5 1-0


[Site "https://www.chess.com"]

[Event "Titled Tuesday Blitz July 25 Late 2023"]
[White "Pniaczek, Marek"]
[Black "rikchessmx"]
[WhiteFideId "21800421"]
[WhiteElo "2439"]
[BlackElo "2280"]
[Result "1-0"]
[Round "8"]
[TimeControl "180+2"]
[Date "2023.07.25"]
[WhiteClock "0:00:19"]
[BlackClock "0:00:08"]
[Board "102"]

1. e4 c5 2. Nf3 e6 3. d4 cxd4 4. Nxd4 a6 5. c4 Qc7 6. Nc3 Nf6 7. Be3 Bb4 8. Qb3 Bxc3+ 9. Qxc3 Nxe4 10. Qa3 d6 11. Rd1 O-O 12. Nb5 axb5 13. Qxa8 bxc4 14. Be2 Nc6 15. O-O d5 16. Qa3 f5 17. f3 Nf6 18. b3 b5 19. Qc5 Bd7 20. a4 bxa4 21. bxc4 Rc8 22. Bg5 Qe5 23. Rfe1 Nd4 24. Qxd4 Qxd4+ 25. Rxd4 e5 26. Rdd1 d4 27. Bxf6 gxf6 28. f4 Be6 29. Ra1 e4 30. Rxa4 d3 31. Bh5 Kg7 32. Kf2 Kh6 33. Bd1 Bxc4 34. Ke3 Kg6 35. Kd2 h5 36. Re3 h4 37. g3 h3 38. g4 Be6 39. gxf5+ Kxf5 40. Raxe4 Bd5 41. Rd4 Bg2 42. Rdxd3 Kxf4 43. Rd4+ Kg5 44. Rg4+ Kf5 45. Rd4 Ra8 46. Bf3 Ra2+ 47. Ke1 Rb2 48. Rd2 Rb1+ 49. Kf2 Rf1+ 50. Kg3 Kg5 51. Bxg2 hxg2 52. Rxg2 Ra1 53. Kh3+ Kf5 54. Rf3+ Ke6 55. Re2+ Kf7 56. Ref2 Ra6 57. Kg4 Kg6 58. Rf4 Rc6 59. h4 Ra6 60. h5+ Kg7 61. Kf5 Ra5+ 62. Kg4 Ra6 63. Kh4 Rc6 64. Rg2+ Kf7 65. h6 Rc1 66. Rg3 Rh1+ 67. Rh3 Rg1 68. Rg4 Ra1 69. h7 Ra8 70. Kg3 Rh8 71. Kf4 Ke6 72. Rg8 Rxh7 73. Rxh7 f5 74. Rgg7 Kf6 75. Rf7+ Kg6 76. Rhg7+ Kh6 77. Rg1 Kh5 78. Rh7# 1-0


[Site "https://www.chess.com"]

[Event "Titled Tuesday Blitz July 25 Late 2023"]
[White "Mickiewicz, Piotr"]
[Black "Doluhanova, Evgeniya"]
[WhiteFideId "1114891"]
[BlackFideId "14112035"]
[WhiteElo "2432"]
[BlackElo "2276"]
[Result "1-0"]
[Round "8"]
[TimeControl "180+2"]
[Date "2023.07.25"]
[WhiteClock "0:00:34"]
[BlackClock "0:00:16"]
[Board "103"]

1. Nf3 Nf6 2. e3 c5 3. b3 Nc6 4. Bb2 b6 5. c4 Bb7 6. g3 g6 7. Bg2 Bg7 8. O-O O-O 9. Qe2 d6 10. Rd1 e5 11. d3 Qe7 12. Nc3 Nd8 13. Nd2 Bxg2 14. Kxg2 Ne6 15. Nde4 Nxe4 16. dxe4 Rad8 17. Rd2 f5 18. exf5 gxf5 19. Rad1 Qg5 20. Rxd6 f4 21. Rxd8 Nxd8 22. Ne4 Qg6 23. f3 Ne6 24. Rd6 Qf5 25. exf4 exf4 26. Bxg7 Kxg7 27. Qb2+ Nd4 28. g4 Qe5 29. Rd5 Qe7 30. b4 Rd8 31. bxc5 bxc5 32. Rxc5 1-0


[Site "https://www.chess.com"]

[Event "Titled Tuesday Blitz July 25 Late 2023"]
[White "Arnold, Ken"]
[Black "Cardozo Munar, Carlos Eduardo"]
[WhiteFideId "2056836"]
[BlackFideId "4409477"]
[WhiteElo "2429"]
[BlackElo "2264"]
[Result "1-0"]
[Round "8"]
[TimeControl "180+2"]
[Date "2023.07.25"]
[WhiteClock "0:00:26"]
[BlackClock "0:00:00"]
[Board "104"]

1. d4 d5 2. c4 e5 3. dxe5 d4 4. a3 Nc6 5. Nf3 Nge7 6. Bf4 Ng6 7. Bg3 Bg4 8. Nbd2 Qd7 9. h3 Bf5 10. Qa4 Be7 11. Bh2 Rd8 12. g4 Be6 13. Bg2 d3 14. e3 a6 15. O-O h5 16. Nd4 Nxd4 17. Qxd7+ Rxd7 18. exd4 hxg4 19. d5 Bf5 20. hxg4 Bxg4 21. f3 Bf5 22. b4 Bg5 23. f4 Bh4 24. Rad1 Bg4 25. Nf3 Bf5 26. Nd4 Bg4 27. Rxd3 Ne7 28. f5 g6 29. e6 fxe6 30. fxe6 Rd8 31. Bxc7 Rc8 32. d6 Nf5 33. Nxf5 Bxf5 34. Rxf5 gxf5 35. d7+ Ke7 36. Bd6+ Kxe6 37. dxc8=Q+ Rxc8 38. Bxb7 Rd8 39. c5 f4 40. Bd5+ Kf5 41. Kf1 Bf6 42. Bf3 Rh8 43. c6 Rc8 44. c7 Be5 45. Rd5 1-0


[Site "https://www.chess.com"]

[Event "Titled Tuesday Blitz July 25 Late 2023"]
[White "Sariego Figueredo, Wilfredo"]
[Black "Silva Lucena, Cristian"]
[WhiteFideId "3500080"]
[BlackFideId "2232588"]
[WhiteElo "2257"]
[BlackElo "2423"]
[Result "1-0"]
[Round "8"]
[TimeControl "180+2"]
[Date "2023.07.25"]
[WhiteClock "0:01:55"]
[BlackClock "0:00:56"]
[Board "105"]

1. d4 Nf6 2. Bf4 g6 3. Nc3 Bg7 4. e4 d6 5. Qd2 c5 6. dxc5 dxc5 7. Qxd8+ Kxd8 8. O-O-O+ Nbd7 9. Nf3 a6 10. Ne5 Ke8 11. Nxd7 Bxd7 12. a4 Bc6 13. f3 Nh5 14. Be3 Bxc3 15. bxc3 Bxa4 16. Bxc5 Rc8 17. Bb6 Nf4 18. g3 Ne6 19. Bh3 Bd7 20. Rd2 Rc6 21. Bf2 Nf8 22. Bxd7+ Nxd7 23. Rhd1 Rc7 24. Bb6 1-0


[Site "https://www.chess.com"]

[Event "Titled Tuesday Blitz July 25 Late 2023"]
[White "Reprintsev, Alexander"]
[Black "Francisco_Ferrari"]
[WhiteFideId "14100541"]
[WhiteElo "2421"]
[BlackElo "2226"]
[Result "0-1"]
[Round "8"]
[TimeControl "180+2"]
[Date "2023.07.25"]
[WhiteClock "0:00:48"]
[BlackClock "0:00:28"]
[Board "106"]

1. e4 c5 2. b3 e6 3. Nf3 Nc6 4. Bb2 Nf6 5. e5 Nd5 6. g3 Be7 7. Bg2 O-O 8. O-O f6 9. Re1 fxe5 10. Nxe5 Bf6 11. Nxc6 bxc6 12. Nc3 Bd4 13. Re2 Ba6 14. Re3 Nxe3 15. dxe3 Bf6 16. Na4 Bxb2 17. Nxb2 Qf6 18. Nd3 Bxd3 19. cxd3 Qxf2+ 20. Kh1 Qxe3 21. Qc2 Rf2 22. Qc4 Raf8 23. Qg4 Qe2 24. Qh3 Qxd3 25. Rg1 Rxa2 26. Qh5 Qxb3 27. Qxc5 Rxg2 28. Kxg2 Qf3+ 29. Kh3 Rf5 0-1


[Site "https://www.chess.com"]

[Event "Titled Tuesday Blitz July 25 Late 2023"]
[White "Pasti, Aron"]
[Black "Osmonbekov, Talaibek"]
[WhiteFideId "785857"]
[BlackFideId "2017253"]
[WhiteElo "2419"]
[BlackElo "2182"]
[Result "0-1"]
[Round "8"]
[TimeControl "180+2"]
[Date "2023.07.25"]
[WhiteClock "0:02:35"]
[BlackClock "0:02:06"]
[Board "107"]

1. e4 c5 2. d4 cxd4 3. c3 d3 4. Bxd3 Nc6 5. Nf3 d5 6. exd5 Qxd5 7. Be3 Nf6 8. O-O Bg4 9. Be2 Qxd1 10. Rxd1 e6 11. h3 Bh5 12. Bb5 Be7 13. Ne5 Bxd1 14. Nxc6 a6 15. Ba4 Bxa4 0-1


[Site "https://www.chess.com"]

[Event "Titled Tuesday Blitz July 25 Late 2023"]
[White "Rakitic2010"]
[Black "BeautiFullMindChess"]
[WhiteElo "2417"]
[BlackElo "2163"]
[Result "1-0"]
[Round "8"]
[TimeControl "180+2"]
[Date "2023.07.25"]
[WhiteClock "0:02:30"]
[BlackClock "0:00:49"]
[Board "108"]

1. e4 c5 2. Nf3 d6 3. c3 Nf6 4. Be2 Bg4 5. O-O Nc6 6. d4 Bxf3 7. Bxf3 Nd7 8. d5 Ncb8 9. c4 g6 10. Bd2 Bg7 11. Bc3 Bxc3 12. Nxc3 O-O 13. Be2 Nf6 14. f4 Nbd7 15. Qd3 a6 16. Qg3 b5 17. e5 Ne8 18. b3 bxc4 19. bxc4 Ng7 20. Bd3 Qa5 21. Ne4 Nf5 22. Qh3 dxe5 23. Ng5 e4 24. Qxh7# 1-0


[Site "https://www.chess.com"]

[Event "Titled Tuesday Blitz July 25 Late 2023"]
[White "Willy, Stephen"]
[Black "Graham, Nathaniel"]
[WhiteFideId "30981468"]
[BlackFideId "2007983"]
[WhiteElo "2416"]
[BlackElo "2050"]
[Result "1-0"]
[Round "8"]
[TimeControl "180+2"]
[Date "2023.07.25"]
[WhiteClock "0:00:12"]
[BlackClock "0:00:00"]
[Board "109"]

1. e4 c5 2. c3 d5 3. exd5 Qxd5 4. d4 Nf6 5. Nf3 Bg4 6. Be2 e6 7. h3 Bh5 8. Be3 cxd4 9. cxd4 Nc6 10. Nc3 Qd6 11. O-O Be7 12. Qb3 Qb4 13. Qd1 Qxb2 14. Nb5 O-O 15. Bc4 Qb4 16. Qe2 Bxf3 17. gxf3 a6 18. Rfb1 Qa5 19. Bd2 Qd8 20. Nc3 Nxd4 21. Qd3 b5 22. Bb3 Nxf3+ 23. Qxf3 Qxd2 24. Rd1 Qg5+ 25. Kh1 Rac8 26. Ne2 Bc5 27. Rg1 Qh4 28. Rg3 Ne4 29. Rg2 Nxf2+ 30. Kh2 Nxh3 31. Qxh3 Bd6+ 32. Ng3 Qxh3+ 33. Kxh3 Rc3 34. Kh4 g5+ 35. Kh3 f5 36. Bxe6+ Kh8 37. Kh2 f4 38. Ne4 f3+ 39. Kg1 1-0


[Site "https://www.chess.com"]

[Event "Titled Tuesday Blitz July 25 Late 2023"]
[White "zano2023"]
[Black "Ai, Evan"]
[BlackFideId "2094770"]
[WhiteElo "2040"]
[BlackElo "2411"]
[Result "0-1"]
[Round "8"]
[TimeControl "180+2"]
[Date "2023.07.25"]
[WhiteClock "0:00:36"]
[BlackClock "0:01:09"]
[Board "110"]

1. c4 e6 2. Nc3 d5 3. d4 Nf6 4. Nf3 Be7 5. g3 O-O 6. Bg2 b6 7. O-O Bb7 8. cxd5 exd5 9. Re1 Nbd7 10. Bf4 c5 11. Rc1 a6 12. Ne5 Nxe5 13. dxe5 Ne4 14. Nxe4 dxe4 15. Qc2 Qd5 16. Red1 Qc6 17. f3 Rad8 18. fxe4 Rxd1+ 19. Rxd1 b5 20. a3 c4 21. b3 Bxa3 22. bxc4 Qxc4 23. Qxc4 bxc4 24. Rd7 Bc6 25. Rc7 Bb5 26. Bd2 Bb2 27. Bh3 Bxe5 28. Rc5 Bd4+ 0-1


[Site "https://www.chess.com"]

[Event "Titled Tuesday Blitz July 25 Late 2023"]
[White "Tikhonov, Viacheslav"]
[Black "Masterisback04"]
[WhiteFideId "44196407"]
[WhiteElo "2483"]
[BlackElo "1886"]
[Result "1-0"]
[Round "8"]
[TimeControl "180+2"]
[Date "2023.07.25"]
[WhiteClock "0:00:48"]
[BlackClock "0:01:28"]
[Board "111"]

1. e4 c6 2. d4 d5 3. e5 c5 4. dxc5 e6 5. a3 Bxc5 6. b4 Be7 7. Bb2 Nc6 8. Qg4 Kf8 9. Nf3 Nh6 10. Qf4 a6 11. Bd3 Bd7 12. O-O g5 13. Qd2 Rc8 14. c4 dxc4 15. Bxc4 b5 16. Bd3 Kg7 17. Be4 Be8 18. Qe2 Nf5 19. Bxf5 exf5 20. e6+ f6 21. Rd1 Qc7 22. Nxg5 Rd8 23. Nc3 Bg6 24. Nd5 Qf4 25. Nxf4 1-0


[Site "https://www.chess.com"]

[Event "Titled Tuesday Blitz July 25 Late 2023"]
[White "kiwibobo"]
[Black "D`Arruda, Ricardo D."]
[BlackFideId "100692"]
[WhiteElo "2346"]
[BlackElo "2479"]
[Result "0-1"]
[Round "8"]
[TimeControl "180+2"]
[Date "2023.07.25"]
[WhiteClock "0:00:00"]
[BlackClock "0:00:37"]
[Board "112"]

1. e4 c5 2. Nf3 Nc6 3. d4 cxd4 4. Nxd4 e5 5. Nb5 a6 6. Nd6+ Bxd6 7. Qxd6 Qe7 8. Qxe7+ Ngxe7 9. Nc3 Nb4 10. Bd3 d5 11. exd5 Bf5 12. O-O Bxd3 13. cxd3 O-O-O 14. Ne4 Nexd5 15. Be3 Nxd3 16. Rad1 Nxe3 17. fxe3 f6 18. Rd2 Nb4 19. Rc1+ Kb8 20. a3 Rxd2 21. Nxd2 Nd3 22. Rc2 Rc8 23. Rxc8+ Kxc8 24. b3 Kd7 25. Kf1 Kc6 26. Ke2 Nc5 27. e4 Ne6 28. Ke3 b5 29. g3 Nd4 30. Kd3 h5 31. Kc3 a5 32. b4 a4 33. Kd3 g6 34. Kc3 f5 35. Kd3 Kd6 36. Nb1 Nf3 37. Nc3 Kc6 38. h4 f4 39. gxf4 exf4 40. Nd5 Nxh4 41. Nxf4 Kd6 42. Kd4 Nf3+ 43. Ke3 Ne5 44. Kd4 h4 45. Nh3 Nf7 46. Ke3 g5 47. Kf3 Ne5+ 48. Ke3 g4 49. Nf4 h3 50. Kf2 Nc4 51. Kg3 Nxa3 52. Nd3 Nc2 53. Kxg4 h2 0-1


[Site "https://www.chess.com"]

[Event "Titled Tuesday Blitz July 25 Late 2023"]
[White "Estrada Nieto, Julian"]
[Black "arturdailima"]
[WhiteFideId "5101018"]
[WhiteElo "2468"]
[BlackElo "2334"]
[Result "1/2-1/2"]
[Round "8"]
[TimeControl "180+2"]
[Date "2023.07.25"]
[WhiteClock "0:00:10"]
[BlackClock "0:00:10"]
[Board "113"]

1. e4 c5 2. Nf3 d6 3. Bb5+ Nd7 4. d4 cxd4 5. Qxd4 a6 6. Bxd7+ Bxd7 7. Nc3 e6 8. Bg5 Nf6 9. O-O-O Be7 10. e5 dxe5 11. Nxe5 Bc6 12. Nxc6 bxc6 13. Qxd8+ Rxd8 14. Rxd8+ Kxd8 15. Rd1+ Kc7 16. Bxf6 gxf6 17. g3 h5 18. h4 Rb8 19. Ne2 Bd6 20. c3 Bc5 21. Rf1 Rd8 22. Nf4 Rh8 23. Nd3 Bd6 24. Kd2 Rg8 25. Re1 Rg4 26. b4 f5 27. Ne5 Bxe5 28. Rxe5 f4 29. Rxh5 fxg3 30. fxg3 Rxg3 31. Rh7 Rf3 32. a4 Kd6 33. h5 f5 34. Ra7 e5 35. Rxa6 Kc7 36. Ra7+ Kb6 37. Re7 e4 38. h6 Rh3 39. h7 c5 40. a5+ Ka6 41. Re6+ Kb5 42. Rb6+ Kc4 43. Rb7 f4 44. a6 Rh2+ 45. Ke1 e3 46. Rf7 Kd3 47. Rxf4 cxb4 48. cxb4 Rxh7 49. b5 Rc7 50. Kf1 e2+ 51. Kf2 Rc1 52. Rf3+ Kc4 53. Re3 Kxb5 54. Rxe2 Ra1 55. Re6 Rxa6 56. Rxa6 Kxa6 1/2-1/2


[Site "https://www.chess.com"]

[Event "Titled Tuesday Blitz July 25 Late 2023"]
[White "Xia, Brandon"]
[Black "Liu, Casper"]
[WhiteFideId "30921880"]
[BlackFideId "1454153"]
[WhiteElo "2344"]
[BlackElo "2465"]
[Result "0-1"]
[Round "8"]
[TimeControl "180+2"]
[Date "2023.07.25"]
[WhiteClock "0:01:11"]
[BlackClock "0:01:15"]
[Board "114"]

1. b3 e5 2. Bb2 d6 3. e3 Nd7 4. Nf3 f5 5. c4 Ngf6 6. Nc3 g6 7. d4 e4 8. Nd2 Bg7 9. Be2 O-O 10. O-O g5 11. f3 exf3 12. Bxf3 Qe8 13. e4 g4 14. Be2 fxe4 15. Bxg4 e3 16. Ndb1 Nxg4 17. Qxg4 Nc5 18. Qh4 Rxf1+ 19. Kxf1 Qf7+ 20. Ke2 Bg4+ 21. Qxg4 Qf2+ 22. Kd1 Qf1+ 23. Kc2 Qd3+ 24. Kc1 Rf8 25. dxc5 Rf1+ 26. Nd1 Rxd1+ 27. Qxd1 Bxb2+ 28. Kxb2 Qxd1 29. Nc3 Qd2+ 0-1


[Site "https://www.chess.com"]

[Event "Titled Tuesday Blitz July 25 Late 2023"]
[White "Fajdetic, Hrvoje"]
[Black "Ladan, Nicholas"]
[WhiteFideId "14501945"]
[BlackFideId "30918855"]
[WhiteElo "2329"]
[BlackElo "2423"]
[Result "0-1"]
[Round "8"]
[TimeControl "180+2"]
[Date "2023.07.25"]
[WhiteClock "0:01:20"]
[BlackClock "0:01:42"]
[Board "115"]

1. f4 b6 2. e4 Bb7 3. d3 d5 4. e5 c5 5. Nf3 e6 6. c3 Ne7 7. d4 h5 8. Bd3 g6 9. O-O Nf5 10. a4 Be7 11. Na3 Nc6 12. Bxf5 gxf5 13. Be3 Rg8 14. Ne1 h4 15. Qh5 Ba6 16. Nb5 Bxb5 17. axb5 Na5 18. dxc5 bxc5 19. Nd3 Nb3 20. Ra6 d4 21. cxd4 cxd4 22. Bf2 Qd5 23. Ne1 Nd2 24. b6 Qb5 25. Qe2 Qxe2 0-1


[Site "https://www.chess.com"]

[Event "Titled Tuesday Blitz July 25 Late 2023"]
[White "Gatterer, Florian"]
[Black "Schut, Han"]
[WhiteFideId "811688"]
[BlackFideId "1005561"]
[WhiteElo "2421"]
[BlackElo "2275"]
[Result "1-0"]
[Round "8"]
[TimeControl "180+2"]
[Date "2023.07.25"]
[WhiteClock "0:00:54"]
[BlackClock "0:00:00"]
[Board "116"]

1. b3 e5 2. c4 Nf6 3. Bb2 Nc6 4. Nf3 Bd6 5. e3 Qe7 6. Be2 e4 7. Nd4 Be5 8. Nf5 Qf8 9. Bxe5 Nxe5 10. Ng3 b6 11. Nc3 Bb7 12. Nb5 O-O-O 13. Nxa7+ Kb8 14. Nb5 d5 15. O-O h5 16. a4 h4 17. Nf5 g6 18. Nfd4 c6 19. Nc3 dxc4 20. bxc4 h3 21. g3 c5 22. Ndb5 Nd3 23. a5 bxa5 24. Qa4 Kc8 25. Qxa5 Qe7 26. Rab1 1-0


[Site "https://www.chess.com"]

[Event "Titled Tuesday Blitz July 25 Late 2023"]
[White "Chemin, Justo Reinaldo"]
[Black "Gerbelli Neto, Eduardo"]
[WhiteFideId "2101580"]
[BlackFideId "2103281"]
[WhiteElo "2261"]
[BlackElo "2365"]
[Result "1/2-1/2"]
[Round "8"]
[TimeControl "180+2"]
[Date "2023.07.25"]
[WhiteClock "0:00:09"]
[BlackClock "0:00:13"]
[Board "117"]

1. d4 d5 2. c4 c6 3. Nc3 Nf6 4. e3 e6 5. Nf3 Nbd7 6. Be2 dxc4 7. Bxc4 b5 8. Be2 a6 9. O-O c5 10. d5 b4 11. dxe6 fxe6 12. Na4 Bb7 13. b3 Qc7 14. Bb2 Be7 15. Ng5 Nf8 16. Bf3 h6 17. Bxb7 Qxb7 18. Nf3 N8d7 19. Rc1 O-O 20. Qd3 Rad8 21. Qg6 Qe4 22. Qxe4 Nxe4 23. Rfd1 Rf5 24. Rd3 Rd5 25. Rcd1 Ndf6 26. Rxd5 exd5 27. Ne5 Rc8 28. f3 Nd6 29. Nb6 Re8 30. Nxd5 Nf5 31. Nxe7+ Rxe7 32. Nc4 Nxe3 33. Bxf6 gxf6 34. Rd8+ Kg7 35. Rc8 Nxc4 36. bxc4 Re2 37. Rxc5 Rxa2 38. Rc7+ Kg6 39. Rb7 a5 40. c5 Rc2 41. Rb5 Rc3 42. Rxa5 b3 43. Rb5 Kf7 44. h4 Ke6 45. Kh2 Kd5 46. Kg3 Kc6 47. Rb8 Kxc5 48. Kg4 Kc4 49. Kh5 Rc2 50. g4 Rf2 51. Kxh6 Rxf3 52. Kg6 Kc3 53. h5 b2 54. h6 Kc2 55. h7 Rh3 56. Rxb2+ Kxb2 57. Kg7 Kc3 58. h8=Q Rxh8 59. Kxh8 Kd4 60. Kg7 Ke5 61. Kg6 Ke6 62. g5 fxg5 63. Kxg5 1/2-1/2


[Site "https://www.chess.com"]

[Event "Titled Tuesday Blitz July 25 Late 2023"]
[White "K2JW"]
[Black "KSho99"]
[WhiteElo "2358"]
[BlackElo "2226"]
[Result "1-0"]
[Round "8"]
[TimeControl "180+2"]
[Date "2023.07.25"]
[WhiteClock "0:02:00"]
[BlackClock "0:00:51"]
[Board "118"]

1. d4 d5 2. c4 dxc4 3. e3 Nf6 4. Bxc4 e6 5. Nf3 c5 6. O-O a6 7. Nbd2 Nc6 8. dxc5 Bxc5 9. Qe2 b5 10. Bd3 Bb7 11. e4 e5 12. Nb3 Bb6 13. Be3 O-O 14. Rfd1 Bxe3 15. Qxe3 Qe7 16. h3 Nd7 17. a4 bxa4 18. Rxa4 a5 19. Rda1 Nb6 20. Qxb6 Nb4 21. Nxa5 Rxa5 22. Rxa5 Nxd3 23. Ra7 Qc5 24. Rxb7 1-0


[Site "https://www.chess.com"]